 Dungeon Crawl Stone Soup version 0.29-a0-284-gf9362112df (webtiles) character file.

Game seed: 17155797526427029192

2349 spaghetti the Destroyer (level 9, -4/55 HPs)
             Began as a White Draconian Conjurer on Mar 29, 2022.
             Was a Plaything of Xom.
             Slain by a hornet (11 damage)
             ... while paralysed by a hornet
             ... on level 7 of the Dungeon.
             The game lasted 00:11:44 (7070 turns).

spaghetti the Destroyer (White Draconian Conjurer)  Turns: 7070, Time: 00:11:45

Health: -4/55      AC:  7    Str: 10    XL:     9   Next: 20%
Magic:  0/12       EV:  2    Int: 23    God:    Xom [.*....]
Gold:   322        SH:  0    Dex:  9    Spells: 9/12 levels left

rFire   + . .      SeeInvis .   j - +3 broad axe (drain) {axe}
rCold   + . .      Faith    .   (no shield)
rNeg    . . .      Spirit   .   (body armour unavailable)
rPois   .          Reflect  .   (helmet restricted)
rElec   .          Harm     .   (no cloak)
rCorr   .          Rampage  .   (no gloves)
Will    .....                   (no boots)
Stlth   ++........              (no amulet)
HPRegen 0.18/turn               (no ring)
MPRegen 0.13/turn               (no ring)

@: paralysed, lethally poisoned (-4 -> -18), slowed
A: breathe frost, AC +7, unfitting armour, cold resistance 1, cold-blooded,
beak, stinger 1, fire resistance 1, frail 1, MP-powered wands
a: Breathe Frost, Renounce Religion


You were on level 7 of the Dungeon.
You worshipped Xom.
You were a plaything of Xom.
You visited 1 branch of the dungeon, and saw 7 of its levels.

You collected 322 gold pieces.


Innate Abilities, Weirdness & Mutations

You can breathe waves of freezing cold which knock back foes.
Your icy white scales are hard. (AC +7)
You cannot fit into any form of body armour.
Your flesh is cold resistant. (rC+)
You are cold-blooded and may be slowed by cold attacks.
You have a beak for a mouth.
Your tail ends in a venomous barb.
Your flesh is heat resistant. (rF+)
You are frail. (-10% HP)
You expend magic power (3 MP) to strengthen your wands.


   Skills:
 + Level 7.4 Axes
 - Level 1.7 Dodging
 - Level 1.7 Stealth
 - Level 2.0 Spellcasting
 + Level 10.6 Conjurations


You had 9 spell levels left.
You knew the following spells:

 Your Spells              Type           Power      Damage    Failure   Level
a - Magic Dart            Conj           100%       1d8       1%          1
b - Searing Ray           Conj           100%       2d8       1%          2

Your spell library contained the following spells:

 Spells                   Type           Power      Damage    Failure   Level
 Dazzling Flash           Conj/Hex       52%        N/A       4%          3
 Mephitic Cloud           Conj/Pois/Air  18%        N/A       9%          3
 Fulminant Prism          Conj/Hex       13%        3d9       14%         4
 Iskenderun's Mystic Bla  Conj/Tloc      26%        2d7       14%         4
 Call Imp                 Summ           2%         N/A       19%         2
 Gell's Gravitas          Tloc           2%         N/A       36%         3
 Teleport Other           Tloc           2%         N/A       36%         3
 Dispersal                Tloc           1%         N/A       100%        6

Inventory:

Hand Weapons
 j - a +3 broad axe of draining (weapon) {axe}
   (Xom gifted it to you on level 3 of the Dungeon)
Missiles
 a - 2 throwing nets {=f!fthrowing}
 c - 282 stones {throwing}
 i - 6 atropa-tipped darts {throwing}
 k - 4 poisoned darts {throwing}
 s - 5 boomerangs {throwing}
Jewellery
 b - a ring of protection from fire
   (You found it on level 1 of the Dungeon)
Wands
 d - a wand of iceblast (8)
   (You found it on level 6 of the Dungeon)
 t - a wand of acid (5)
   (You found it on level 3 of the Dungeon)
Scrolls
 n - 3 scrolls of teleportation {@r4}
 p - 2 scrolls of fear
Potions
 o - a potion of ambrosia
 r - 2 potions of curing {@q1}

Dungeon Overview and Level Annotations

Branches:
Dungeon (7/15)             Temple (0/1) D:6

Altars:
Nemelex Xobeh
Xom

Shops:
D:5

* #. .# #. .#
#.###.####
##........#### #
#..).........#
##.##..)..........
.......)..........
......y@.........#
.................#
.###.##.......## #
#.##<#### ...##.#
#.....$.
#.######## ..# ##


You could see a hornet.


Message History

Aim: a gnoll, wielding a +0 flail (85% to hit)
The searing ray hits the gnoll! (Press . to maintain the ray.)
A gnoll comes into view. It is wielding a +0 whip. 😎 MP[-2]
You lost 2 mp, and now have 10/12 mp.
The searing ray hits the gnoll!
You kill the gnoll! 😎 MP[-1]
You lost 1 mp, and now have 9/12 mp. 😎 MP[-1]
You lost 1 mp, and now have 8/12 mp.
The searing ray hits the gnoll sergeant!
You finish channelling your searing ray.
The gnoll shouts!
The gnoll sergeant hits you from afar with a +0 spear! 😕 HP[-10] MP[-1]
You take 10 damage, and now have 45/55 hp.
You lost 1 mp, and now have 7/12 mp.
Casting: Searing Ray (safe; 1% risk of failure)
Confirm with . or Enter, or press ? or * to list all spells.
Aiming: Searing Ray (safe; 1% risk of failure)
Press: ? - help, Shift-Dir - straight line, f - gnoll sergeant
Aim: a gnoll sergeant, wielding a +0 spear and wearing a +0 scale mail (heavily wounded, 87% to hit)
The searing ray hits the gnoll sergeant!
The searing ray hits the gnoll! (Press . to maintain the ray.)
The gnoll sergeant hits you from afar with a +0 spear. 😮 HP[-4] MP[-2]
You take 4 damage, and now have 41/55 hp.
You lost 2 mp, and now have 5/12 mp.
The searing ray hits the gnoll sergeant.
The searing ray hits the gnoll.
The gnoll sergeant hits you from afar with a +0 spear. 😮 HP[-6] MP[-1]
You take 6 damage, and now have 35/55 hp.
You lost 1 mp, and now have 4/12 mp.
The searing ray hits the gnoll sergeant.
You kill the gnoll sergeant! 😮 MP[-1]
You lost 1 mp, and now have 3/12 mp.
The searing ray hits the gnoll!
You kill the gnoll!
You finish channelling your searing ray. 😮 HP[+1]
You start resting.
You have got your breath back.
A hornet comes into view. 😮 HP[+3] MP[+2]
You regained 3 hp, and now have 39/55 hp.
You regained 2 mp, and now have 5/12 mp.
A hornet is nearby!
A hornet is nearby!
A hornet is nearby!
Aiming: Magic Dart (safe; 1% risk of failure)
Press: ? - help, Q - select action, (/) - cycle Shift-Dir - straight line, f - hornet
Aim: a hornet (wandering, hasn't noticed you, 100% to hit)
The magic dart hits the hornet.
The hornet buzzes angrily. 😮 MP[-1]
You lost 1 mp, and now have 4/12 mp.
Aiming: Magic Dart (safe; 1% risk of failure)
Press: ? - help, Q - select action, (/) - cycle Shift-Dir - straight line, f/p - hornet
Aim: a hornet (lightly wounded, 100% to hit)
The magic dart hits the hornet. 😮 HP[+1] MP[-1]
You lost 1 mp, and now have 3/12 mp.
Casting: Magic Dart (safe; 1% risk of failure)
Confirm with . or Enter, or press ? or * to list all spells.
Aiming: Searing Ray (safe; 1% risk of failure)
Press: ? - help, Shift-Dir - straight line, f/p - hornet
Aim: a hornet (lightly wounded, 74% to hit)
The searing ray hits the hornet. (Press . to maintain the ray.) 😮 MP[-1]
You lost 1 mp, and now have 2/12 mp.
The searing ray hits the hornet!
The hornet misses you. 😮 MP[-1]
You lost 1 mp, and now have 1/12 mp.
The searing ray hits the hornet.
The hornet stings you!
You are poisoned.
You feel yourself slow down. 😮 HP[-7] MP[-1]
You take 7 damage, and now have 33/55 hp.
You lost 1 mp, and now have 0/12 mp.
Without enough magic to sustain it, your searing ray dissipates.
You feel very sick. The hornet closely misses you. The hornet stings you!
* * * LOW HITPOINT WARNING * * *
You are more poisoned.
You suddenly lose the ability to move!
You feel yourself speed up.
* * * LOW HITPOINT WARNING * * *
You feel very sick. The hornet stings you!
* * * LOW HITPOINT WARNING * * *
You feel yourself slow down. The hornet stings you!
You die...
Xom cackles wildly!

Skill      XL: |  1  2  3  4  5  6  7  8 |
---------------+-------------------------+-----
Conjurations   | 5 6 7 8 9 10 | 10.6
Axes           | 2 4 7 |  7.4
Dodging        | |  1.7
Stealth        | |  1.7
Spellcasting   | |  2.0

Action                   |  1- 3 |  4- 6 |  7- 9 || total
-------------------------+-------+-------+-------++-------
Melee: Unarmed           |    14 |       |       ||    14
       Whip              |    10 |    15 |       ||    25
       Tailslap          |     2 |     3 |     9 ||    14
       Broad axe         |       |    27 |    35 ||    62
       Peck              |       |     6 |     6 ||    12
       Punch             |       |     1 |       ||     1
 Cast: Magic Dart        |    49 |    90 |    51 ||   190
       Searing Ray       |       |     9 |    19 ||    28
 Abil: Breathe Frost     |       |       |     9 ||     9
Evoke: Wand              |       |       |     3 ||     3
  Use: Potion            |     3 |     4 |     1 ||     8
       Scroll            |       |     6 |     3 ||     9
 Stab: Paralysed         |       |       |     2 ||     2
       Sleeping          |       |       |     1 ||     1
Armor: Skin              |     6 |    26 |    25 ||    57
Dodge: Dodged            |    20 |    58 |    48 ||   126

Levels and vault maps discovered:
D:1:      dpeg_arrival_stone_temple_mockup, layout_rooms,
          dreamdust_ecumenical_altar_drowned_temple
D:2:      layout_rooms, uniq_jessica
D:3:      layout_basic, lemuel_doored_altar, minmay_distorted
D:4:      layout_basic
D:5:      layout_cave_pools, hangedman_abyss_or_decor_slice,
          minmay_shop_damaged, saegor_snake_ambush
D:6:      layout_gridville, minmay_temple_entry_tees, st_stairs_8,
          guppyfry_early_elven_hall, uniq_sigmund
D:7:      minmay_flawed_box, layout_loops_ring

Notes
Turn   | Place    | Note
-------+----------+-------------------------------------------
     0 | D:1      | spaghetti the Draconian Conjurer began the quest for the
                  | Orb.
     0 | D:1      | Reached XP level 1. HP: 14/14 MP: 3/3
     0 | D:1      | magus.rc [v1.9.6]
    69 | D:1      | You add the spells Gell's Gravitas, Teleport Other and
                  | Dispersal to your library.
   153 | D:1      | HP: 2/14 [dart slug/slug dart (3)]
   470 | D:1      | Found a faded altar of an unknown god.
   516 | D:1      | Prayed at the altar of an unknown god.
   516 | D:1      | Became a worshipper of Xom of Chaos
   519 | D:1      | Reached XP level 2. HP: 20/20 MP: 1/5
  1037 | D:2      | Reached skill level 5 in Conjurations
  1049 | D:2      | Reached XP level 3. HP: 26/26 MP: 2/6
  1052 | D:2      | Learned a level 2 spell: Searing Ray
  1195 | D:2      | XOM: divination: detect creatures
  1288 | D:2      | Reached XP level 4. HP: 33/33 MP: 2/7
  1357 | D:2      | XOM: 4-stop teleportation journey
  1364 | D:2      | Noticed Jessica
  1375 | D:2      | Killed Jessica
  1652 | D:2      | Reached skill level 6 in Conjurations
  2141 | D:3      | Noticed a centaur
  2221 | D:3      | XOM: cloud trail
  2337 | D:3      | XOM: cast spell 'Call Canine Familiar'
  2340 | D:3      | Killed a centaur
  2341 | D:3      | Reached XP level 5. HP: 14/38 MP: 3/8
  2572 | D:3      | Reached skill level 7 in Conjurations
  2590 | D:3      | Gained mutation: You have a beak for a mouth. [potion of
                  | mutation]
  2590 | D:3      | Gained mutation: Your tail ends in a venomous barb. [potion
                  | of mutation]
  2590 | D:3      | Gained mutation: You expend magic power (3 MP) to
                  | strengthen your wands. [potion of mutation]
  2604 | D:3      | Reached XP level 6. HP: 21/45 MP: 6/9
  2882 | D:3      | XOM: draining
  2886 | D:3      | XOM: god gift: +1 broad axe of chaos
  2941 | D:3      | Found a sparkling altar of Nemelex Xobeh.
  3028 | D:4      | XOM: stat loss: -1 Dex (8/9)
  3150 | D:4      | XOM: summons 4 hostile demons
  3169 | D:4      | XOM: 4-stop teleportation journey
  3296 | D:4      | Reached skill level 1 in Axes
  3939 | D:5      | Entered Level 5 of the Dungeon
  3955 | D:5      | Reached skill level 2 in Axes
  3999 | D:5      | Noticed a water moccasin
  4006 | D:5      | Noticed a shapeshifter
  4006 | D:5      | a water moccasin changed into a shapeshifter
  4006 | D:5      | XOM: polymorph water moccasin -> shapeshifter
  4006 | D:5      | Noticed a blink frog
  4006 | D:5      | a shapeshifter changed into a blink frog
  4010 | D:5      | HP: 15/67 [blink frog (shapeshifter) (3)]
  4011 | D:5      | XOM: noise
  4142 | D:4      | XOM: silly message
  4246 | D:5      | Noticed a sky beast
  4246 | D:5      | a blink frog changed into a sky beast
  4261 | D:4      | Reached skill level 8 in Conjurations
  4261 | D:4      | Your scales start taking on an icy white colour.
  4261 | D:4      | Reached XP level 7. HP: 29/50 MP: 1/10
  4261 | D:4      | Gained mutation: Your flesh is cold resistant. (rC+) [White
                  | Draconian growth]
  4407 | D:5      | Reached skill level 3 in Axes
  4838 | D:5      | Reached skill level 4 in Axes
  4877 | D:5      | Found Tarose's Lightly-Used Armoury.
  5736 | D:6      | XOM: 6-stop teleportation journey
  5752 | D:6      | HP: 9/50 [gnoll sergeant/+0 spear (8)]
  5755 | D:6      | Reached skill level 9 in Conjurations
  5755 | D:6      | Reached XP level 8. HP: 42/57 MP: 3/11
  5756 | D:6      | XOM: fog
  5844 | D:6      | XOM: 1-stop teleportation journey
  5852 | D:6      | Reached skill level 5 in Axes
  5922 | D:6      | Noticed Sigmund
  5922 | D:6      | XOM: cast spell 'Disjunction'
  5927 | D:6      | Killed Sigmund
  6052 | D:6      | Reached skill level 6 in Axes
  6125 | D:6      | Found a staircase to the Ecumenical Temple.
  6379 | D:6      | Reached skill level 10 in Conjurations
  6670 | D:6      | XOM: polymorph sky beast -> naga
  6674 | D:6      | XOM: divination: magic mapping
  6843 | D:6      | Noticed a deep elf zephyrmancer
  6845 | D:6      | XOM: potion effect (might)
  6848 | D:6      | XOM: scenery: 3 doors close
  6850 | D:6      | XOM: noise
  6852 | D:6      | Killed a deep elf zephyrmancer
  6853 | D:6      | Reached skill level 7 in Axes
  6853 | D:6      | Reached XP level 9. HP: 30/62 MP: 2/12
  6860 | D:6      | You pick up a book of Minor Magic and begin reading...
  6860 | D:6      | You add the spells Call Imp and Mephitic Cloud to your
                  | library.
  6958 | D:6      | XOM: give mutations
  6958 | D:6      | Gained mutation: You are dopey. (Int -2) [Xom's mischief]
  6958 | D:6      | Gained mutation: You are frail. (-10% HP) [Xom's mischief]
  6958 | D:6      | Gained mutation: Your flesh is heat resistant. (rF+) [Xom's
                  | mischief]
  6958 | D:6      | Lost mutation: You are dopey. (Int -2) [Xom's mischief]
  7069 | D:7      | Paralysed by a hornet for 3 turns
  7070 | D:7      | HP: 7/55 [hornet (8)]
  7070 | D:7      | Slain by a hornet

Vanquished Creatures
  A deep elf zephyrmancer (D:6)
  Sigmund (D:6)
  A naga (D:6)
  A water moccasin (D:5)
  3 black bears
  An ice beast (D:6)
  An ogre (shapeshifter) (D:4)
  2 gnoll sergeants
  2 scorpions (D:6)
  A bullfrog (D:6)
  A howler monkey (D:4)
  3 hounds
  2 orc priests
  4 jellies
  Jessica (D:2)
  An iguana (D:6)
  3 orc wizards
  11 gnolls
  9 adders
  A shadow imp (D:6)
  A white imp (D:5)
  2 worms
  A dart slug (D:1)
  9 orcs
  9 ball pythons
  7 endoplasms
  3 giant cockroaches
  6 goblins
  5 hobgoblins
  4 jackals (D:2)
  3 quokkas
  3 bats
  2 frilled lizards
  4 kobolds
  3 rats
  A spectral hobgoblin (D:1)
113 creatures vanquished.

Vanquished Creatures (collateral kills)
  A centaur (D:3)
1 creature vanquished.

Vanquished Creatures (others)
  An orc wizard (D:3)
1 creature vanquished.

Grand Total: 115 creatures vanquished

Table legend:
 A = Non-vault XP
 B = Vault XP
 C = Vault XP percentage of total XP
 D = Non-vault monster count
 E = Vault monster count
 F = Vault count percentage of total count
                 A         B        C        D         E       F
            +---------+---------+-------+---------+---------+-------
      Total |    2509 |     847 |  25.2 |     106 |       9 |   7.8
            +---------+---------+-------+---------+---------+-------
        D:1 |      19 |       1 |   5.0 |      10 |       1 |   9.1
        D:2 |     100 |      37 |  27.0 |      26 |       1 |   3.7
        D:3 |     252 |      10 |   3.8 |      16 |       4 |  20.0
        D:4 |     315 |       0 |   0.0 |      15 |       0 |   0.0
        D:5 |     587 |       2 |   0.3 |      18 |       1 |   5.3
        D:6 |    1115 |     797 |  41.7 |      17 |       2 |  10.5
        D:7 |     121 |       0 |   0.0 |       4 |       0 |   0.0
            +---------+---------+-------+---------+---------+-------

Illustrated notes

Table legend:
 A = Kills in this place as a percentage of kills in entire the game.
 B = Kills by you in this place as a percentage of kills by you in the entire game.
 C = Kills by friends in this place as a percentage of kills by friends in the entire game.
 D = Other kills in this place as a percentage of other kills in the entire game.
 E = Experience gained in this place as a percentage of experience gained in the entire game.
 F = Experience gained in this place divided by the number of levels of this place that you have seen.
                   A       B       C       D       E      F
               +-------+-------+-------+-------+-------+----------------------
         Total | 100.0 | 100.0 | 100.0 | 100.0 | 100.0 | 479.4
       Dungeon | 100.0 | 100.0 | 100.0 | 100.0 | 100.0 | 479.4
               +-------+-------+-------+-------+-------+----------------------

Table legend: (Time is in decaauts)
 A = Elapsed time spent in this place.
 B = Non-inter-level travel time spent in this place.
 C = Inter-level travel time spent in this place.
 D = Time resting spent in this place.
 E = Time spent auto-exploring this place.
 F = Levels seen in this place.
 G = Mean time per level.
                   A        B        C        D        E       F      G
               +--------+--------+--------+--------+--------+-----+--------+
         Total |   7129 |   7025 |    104 |   1378 |   4895 |   7 | 1018.4 |
       Dungeon |   7129 |   7025 |    104 |   1378 |   4895 |   7 | 1018.4 |
               +--------+--------+--------+--------+--------+-----+--------+

Top non-repeatable levels by time:
     D:5: 1398 daAuts
     D:6: 1352 daAuts
     D:4: 1322 daAuts
     D:3: 1215 daAuts
     D:1: 905 daAuts
     D:2: 896 daAuts
     D:7: 39 daAuts
